Senateurs vs Bruins

Created - March 16, 2022 at 19:04

Goals
1 2 3 T
Senateurs 0 1 2 3
Bruins 0 0 2 2
Shots
1 2 3 T
Senateurs 7 10 12 29
Bruins 11 10 9 30

1st period

No Goal

Penalties :
Brandon Burlon (Ott) for Hooking (Minor) at 2:02, Rostislav Olesz (Ott) for Hooking (Minor) at 15:14, Brett Kulak (Bos) for Cross-checking (Minor) at 17:35

2nd period

1. Senateurs , Jean-Gabriel Pageau 12 (Loui Eriksson 7, Taylor Chorney 13) at 1:35

Penalties :
Sidney Crosby (Ott) for Cross-checking (Minor) at 1:42, Torey Krug (Bos) for Hooking (Minor) at 4:35, Brandon Burlon (Ott) for Cross-checking (Minor) at 16:21

3rd period

2. Bruins , Scott Hartnell 11 (Kevin Hayes 8, Victor Oreskovich 13) at 0:34
3. Bruins , Matt Read 10 (Andrei Kostitsyn 6, Adam Pelech 6) at 10:00
4. Senateurs , Sidney Crosby 23 (Reilly Smith 18, Sean Bergenheim 12) at 14:03 (PP)
5. Senateurs , Reilly Smith 16 (Sidney Crosby 33, Wes O'Neill 13) at 18:35

Penalties :
Victor Oreskovich (Bos) for Hooking (Minor) at 1:16, Cody Franson (Ott) for Tripping (Minor) at 3:26, Zack Kassian (Bos) for Holding Stick (Minor) at 10:11, Jonathan Toews (Bos) for Hooking (Minor) at 13:02, Jonathan Bernier (Ott) for Delaying the game (Minor) at 14:07 - Mike Green served the penalty, Taylor Chorney (Ott) for Tripping (Minor) at 14:14

Goalie Stats

Jonathan Bernier (Ott), 28 saves from 30 shots - (0.933), W, 9-5-2, 60:00 minutes
Kevin Poulin (Bos), 26 saves from 29 shots - (0.897), L, 19-17-1, 58:45 minutes

Players Stats for Senateurs

Player Name              G  A  P  +/- PIM S  H  SB GA TA FO     MP     PP MP  PK MP  
------------------------------------------------------------------------------------
Brandon Burlon           0  0  0   1  4   0  1  2  0  0  0/0    11:53   0:00   0:39 
Cody Franson             0  0  0  -2  2   6  0  1  1  3  0/0    25:52   6:09   4:11 
Eric Gelinas             0  0  0  -1  0   2  2  1  0  0  0/0    29:21   6:09   6:49 
Eric Wellwood            0  0  0  -1  0   1  1  0  0  0  0/0    11:21   0:03   2:15 
Jean-Gabriel Pageau      1  0  1   0  0   4  0  0  0  0  7/12   18:11   3:31   4:26 
Loui Eriksson            0  1  1   0  0   2  1  0  0  0  0/0    13:23   3:31   0:00 
Max Friberg              0  0  0   0  0   0  1  0  1  1  0/0     6:50   0:01   0:00 
Max Pacioretty           0  0  0   0  0   2  3  0  0  0  0/1    18:12   3:31   4:00 
Michael Raffl            0  0  0   0  0   1  0  0  0  0  0/0     6:39   0:00   0:00 
Mike Green               0  0  0   1  0   1  3  2  1  3  0/0    21:06   2:48   5:12 
Peter Mueller            0  0  0  -1  0   1  1  0  1  0  3/5     9:35   0:01   0:21 
Reilly Smith             1  1  2   1  0   5  0  0  0  0  2/3    17:54   5:25   0:00 
Rostislav Olesz          0  0  0  -1  2   1  1  1  0  0  0/0     9:09   0:00   0:00 
Ryan Getzlaf             0  0  0   0  0   0  0  1  0  0  1/4     6:39   0:00   0:00 
Sean Bergenheim          0  1  1   1  0   2  1  0  1  0  0/0    23:44   5:23   5:15 
Sidney Crosby            1  1  2   1  2   1  3  0  2  0  20/36  23:55   5:25   5:47 
Taylor Chorney           0  1  1   0  2   0  1  1  0  0  0/0    19:07   2:48   4:55 
Wes O'Neill              0  1  1   1  0   0  0  1  0  0  0/0    13:10   0:00   2:21 

Players Stats for Bruins

Player Name              G  A  P  +/- PIM S  H  SB GA TA FO     MP     PP MP  PK MP  
------------------------------------------------------------------------------------
Adam Pelech              0  1  1   1  0   0  1  1  0  0  0/0    10:06   0:00   0:28 
Andreas Athanasiou       0  0  0   0  0   1  1  0  0  0  0/0     6:47   0:12   0:00 
Andrei Kostitsyn         0  1  1   1  0   3  2  0  0  0  0/0    10:51   0:12   2:01 
Brett Kulak              0  0  0   1  2   1  0  0  0  0  0/0    10:28   0:00   0:49 
Casey Cizikas            0  0  0   1  0   0  0  1  0  0  2/3    11:39   0:00   3:03 
Jason Demers             0  0  0   0  0   1  1  0  0  1  0/0    27:43   6:42   5:10 
Jonathan Toews           0  0  0  -1  2   2  1  0  2  1  15/30  21:01   6:01   1:37 
Josh Manson              0  0  0  -1  0   3  0  2  0  1  0/0    22:33   5:19   3:47 
Kevin Hayes              0  1  1   0  0   2  4  0  0  1  4/13   16:15   5:48   0:00 
Kris Chucko              0  0  0   0  0   1  0  0  0  0  0/0     6:56   0:00   0:23 
Madison Bowey            0  0  0  -1  0   2  0  4  0  1  0/0    22:33   5:19   3:47 
Matt Read                1  0  1   1  0   2  1  0  0  0  0/1     8:41   0:12   0:00 
Mikael Backlund          0  0  0   0  0   2  0  0  1  0  0/0     6:19   0:00   0:00 
Scott Hartnell           1  0  1   0  0   4  0  2  0  0  1/1    18:11   5:48   1:56 
Torey Krug               0  0  0   0  2   2  2  2  0  1  0/0    26:40   6:42   3:53 
Victor Oreskovich        0  1  1   0  2   2  1  2  1  0  0/0    16:18   5:48   0:00 
Wojtek Wolski            0  0  0  -1  0   1  1  1  1  1  5/12   24:31   6:01   5:06 
Zack Kassian             0  0  0  -1  2   1  0  0  2  0  1/1    23:26   6:01   3:48 

3 Stars

1 - Reilly Smith (Ott)
2 - Sidney Crosby (Ott)
3 - Matt Read (Bos)

Power Play

Senateurs - 1 on 5 Attempt(s) - 20.00%
Bruins - 0 on 7 Attempt(s) - 0.00%

Penalty Kill

Senateurs - 7 on 7 Attempt(s) - 100.00% - Score 0 goal in Penalty Kill
Bruins - 4 on 5 Attempt(s) - 80.00% - Score 0 goal in Penalty Kill

Team Stat

Senateurs - Hits : 19 - Faceoff Wins : 33 - Blocked Shots : 10 - Penalty Minutes : 14
Bruins - Hits : 15 - Faceoff Wins : 28 - Blocked Shots : 15 - Penalty Minutes : 10

Official

Referees : Justin St. Pierre and Kyle Rehman
Linesman : Ryan Daisy and Kory Nagy

Game Notes

No Game Note

Finance

Level 1 -- Attendance: 4462 (74.37%) -- Ticket Income $553,288
Level 2 -- Attendance: 3646 (72.92%) -- Ticket Income $273,450
Level 3 -- Attendance: 1334 (66.70%) -- Ticket Income $58,696
Level 4 -- Attendance: 2754 (68.85%) -- Ticket Income $79,866
Luxury Box -- Attendance: 733 (73.30%) -- Ticket Income $160,527
Game was played at the TD Garden.
Total Attendance: 12929 (71.83%)
Total Ticket Income: $1,125,827
Other Income: $168,874
Total Income: $1,294,701

Senateurs

5 vs 5 Forward 
   Center                   Left Wing                Right Wing               Time % Phy DF OF 
 1 Sidney Crosby            Sean Bergenheim          Reilly Smith             40     1   1  3  
 2 Jean-Gabriel Pageau      Max Pacioretty           Loui Eriksson            30     1   2  2  
 3 Peter Mueller            Rostislav Olesz          Eric Wellwood            20     1   2  2  
 4 Ryan Getzlaf             Michael Raffl            Max Friberg              10     1   2  2  

5 vs 5 Defense 
   Defense                  Defense                                           Time % Phy DF OF 
 1 Cody Franson             Eric Gelinas                                      40     1   2  2  
 2 Taylor Chorney           Mike Green                                        30     1   2  2  
 3 Wes O'Neill              Brandon Burlon                                    20     1   2  2  
 4 Cody Franson             Eric Gelinas                                      10     1   2  2  

PowerPlay Forward 
   Center                   Left Wing                Right Wing               Time % Phy DF OF 
 1 Sidney Crosby            Sean Bergenheim          Reilly Smith             60     1   2  2  
 2 Jean-Gabriel Pageau      Max Pacioretty           Loui Eriksson            40     1   2  2  

PowerPlay Defense
   Defense                  Defense                                           Time % Phy DF OF 
 1 Eric Gelinas             Cody Franson                                      60     1   2  2  
 2 Mike Green               Taylor Chorney                                    40     1   2  2  

Penalty Kill 4 Players Forward 
   Center                   Wing                     Time % Phy DF OF 
 1 Sidney Crosby            Sean Bergenheim          60     1   2  2  
 2 Jean-Gabriel Pageau      Max Pacioretty           40     1   2  2  

Penalty Kill 4 Players Defense
   Defense                  Defense                  Time % Phy DF OF 
 1 Eric Gelinas             Mike Green               60     1   2  2  
 2 Cody Franson             Taylor Chorney           40     1   2  2  

Penalty Kill - 3 Players Forward 
   Forward                                           Time % Phy DF OF 
 1 Sidney Crosby                                     60     1   2  2  
 2 Jean-Gabriel Pageau                               40     1   2  2  

Penalty Kill - 3 Players Defense
   Defense                  Defense                  Time % Phy DF OF 
 1 Eric Gelinas             Mike Green               60     1   2  2  
 2 Cody Franson             Taylor Chorney           40     1   2  2  

4 vs 4 Forward 
   Center                   Wing                     Time % Phy DF OF 
 1 Sidney Crosby            Sean Bergenheim          60     1   2  2  
 2 Jean-Gabriel Pageau      Max Pacioretty           40     1   2  2  

4 vs 4 Defense
   Defense                  Defense                  Time % Phy DF OF 
 1 Cody Franson             Eric Gelinas             60     1   2  2  
 2 Mike Green               Taylor Chorney           40     1   2  2  

Last Minutes Offensive
   Center                   Left Wing                Right Wing               Defense                  Defense                  
   Sidney Crosby            Sean Bergenheim          Reilly Smith             Eric Gelinas             Mike Green               

Last Minutes Defensive
   Center                   Left Wing                Right Wing               Defense                  Defense                  
   Sidney Crosby            Sean Bergenheim          Reilly Smith             Eric Gelinas             Mike Green               

Goaltenders
Starting : Jonathan Bernier         
Backup : Brian Elliott            

Extra Forwards
Normal : Max Pacioretty, Loui Eriksson, Rostislav Olesz - PP : Max Pacioretty, Loui Eriksson - PK : Max Pacioretty
Extra Defensemen
Normal : Taylor Chorney, Wes O'Neill, Brandon Burlon - PP : Taylor Chorney - PK : Taylor Chorney, Wes O'Neill
Penalty Shots
Sidney Crosby, Sean Bergenheim, Jean-Gabriel Pageau, Reilly Smith, Max Pacioretty

Scratches
Nate Prosser (Healthy), Sergei Kostitsyn (Healthy), T.J. Fast (Healthy)

Bruins

5 vs 5 Forward 
   Center                   Left Wing                Right Wing               Time % Phy DF OF 
 1 Jonathan Toews           Wojtek Wolski            Zack Kassian             40     1   2  2  
 2 Kevin Hayes              Scott Hartnell           Victor Oreskovich        30     1   2  2  
 3 Casey Cizikas            Andrei Kostitsyn         Matt Read                20     1   2  2  
 4 Mikael Backlund          Kris Chucko              Andreas Athanasiou       10     1   2  2  

5 vs 5 Defense 
   Defense                  Defense                                           Time % Phy DF OF 
 1 Jason Demers             Torey Krug                                        40     1   2  2  
 2 Madison Bowey            Josh Manson                                       30     1   2  2  
 3 Adam Pelech              Brett Kulak                                       20     1   2  2  
 4 Jason Demers             Torey Krug                                        10     1   2  2  

PowerPlay Forward 
   Center                   Left Wing                Right Wing               Time % Phy DF OF 
 1 Jonathan Toews           Wojtek Wolski            Zack Kassian             60     1   2  2  
 2 Kevin Hayes              Scott Hartnell           Victor Oreskovich        40     1   2  2  

PowerPlay Defense
   Defense                  Defense                                           Time % Phy DF OF 
 1 Jason Demers             Torey Krug                                        60     1   2  2  
 2 Madison Bowey            Josh Manson                                       40     1   2  2  

Penalty Kill 4 Players Forward 
   Center                   Wing                     Time % Phy DF OF 
 1 Wojtek Wolski            Zack Kassian             60     1   2  2  
 2 Jonathan Toews           Scott Hartnell           40     1   2  2  

Penalty Kill 4 Players Defense
   Defense                  Defense                  Time % Phy DF OF 
 1 Jason Demers             Torey Krug               60     1   2  2  
 2 Madison Bowey            Josh Manson              40     1   2  2  

Penalty Kill - 3 Players Forward 
   Forward                                           Time % Phy DF OF 
 1 Wojtek Wolski                                     60     1   2  2  
 2 Zack Kassian                                      40     1   2  2  

Penalty Kill - 3 Players Defense
   Defense                  Defense                  Time % Phy DF OF 
 1 Jason Demers             Torey Krug               60     1   2  2  
 2 Madison Bowey            Josh Manson              40     1   2  2  

4 vs 4 Forward 
   Center                   Wing                     Time % Phy DF OF 
 1 Wojtek Wolski            Zack Kassian             60     1   2  2  
 2 Jonathan Toews           Scott Hartnell           40     1   2  2  

4 vs 4 Defense
   Defense                  Defense                  Time % Phy DF OF 
 1 Jason Demers             Torey Krug               60     1   2  2  
 2 Madison Bowey            Josh Manson              40     1   2  2  

Last Minutes Offensive
   Center                   Left Wing                Right Wing               Defense                  Defense                  
   Jonathan Toews           Wojtek Wolski            Zack Kassian             Jason Demers             Torey Krug               

Last Minutes Defensive
   Center                   Left Wing                Right Wing               Defense                  Defense                  
   Jonathan Toews           Wojtek Wolski            Zack Kassian             Jason Demers             Torey Krug               

Goaltenders
Starting : Kevin Poulin             
Backup : Antti Niemi              

Extra Forwards
Normal : Andrei Kostitsyn, Matt Read, Casey Cizikas - PP : Andrei Kostitsyn, Matt Read - PK : Casey Cizikas
Extra Defensemen
Normal : Adam Pelech, Brett Kulak, Madison Bowey - PP : Adam Pelech - PK : Brett Kulak, Madison Bowey
Penalty Shots
Wojtek Wolski, Zack Kassian, Jonathan Toews, Scott Hartnell, Kevin Hayes

Scratches
Alex Petrovic (Strained Right Knee Injury), Brendan Smith (Healthy)

% Time on Ice - Senateurs

Lines # - Real PCT - Wanted PCT - Time Play
Normal Forward
1 - 32% - 40% - 12:19
2 - 26% - 30% - 9:59
3 - 24% - 20% - 9:03
4 - 18% - 10% - 6:39
Normal Defense
1 - 39% - 40% - 14:47
2 - 30% - 30% - 11:24
3 - 28% - 20% - 10:49
4 - 3% - 10% - 1:00
PP Forward
1 - 61% - 60% - 5:26
2 - 39% - 40% - 3:31
PP Defense
1 - 69% - 60% - 6:09
2 - 31% - 40% - 2:48
PK Forward
1 - 74% - 60% - 7:33
2 - 26% - 40% - 2:36
PK Defense
1 - 51% - 60% - 5:13
2 - 49% - 40% - 4:56
PK3 Forward
1 - 86% - 60% - 1:36
2 - 14% - 40% - 0:16
PK3 Defense
1 - 86% - 60% - 1:36
2 - 14% - 40% - 0:16
44 Forward
1 - 0% - 60%
2 - 0% - 40%
44 Defense
1 - 0% - 60%
2 - 0% - 40%
Last Minute Offensive  - 0:00
Last Minute Defensive  - 1:02
Total
Forward - 60:00
Defense - 60:00

% Time on Ice - Bruins

Lines # - Real PCT - Wanted PCT - Time Play
Normal Forward
1 - 34% - 40% - 12:58
2 - 28% - 30% - 10:27
3 - 22% - 20% - 8:13
4 - 17% - 10% - 6:19
Normal Defense
1 - 37% - 40% - 14:09
2 - 35% - 30% - 13:27
3 - 25% - 20% - 9:29
4 - 2% - 10% - 0:52
PP Forward
1 - 52% - 60% - 6:13
2 - 48% - 40% - 5:48
PP Defense
1 - 56% - 60% - 6:42
2 - 44% - 40% - 5:19
PK Forward
1 - 78% - 60% - 7:01
2 - 22% - 40% - 1:56
PK Defense
1 - 58% - 60% - 5:10
2 - 42% - 40% - 3:47
PK3 Forward
1 - 0% - 60%
2 - 0% - 40%
PK3 Defense
1 - 0% - 60%
2 - 0% - 40%
44 Forward
1 - 0% - 60%
2 - 0% - 40%
44 Defense
1 - 0% - 60%
2 - 0% - 40%
Last Minute Offensive  - 1:05
Last Minute Defensive  - 0:00
Total
Forward - 60:00
Defense - 60:00

Play-by-Play

1st period


0:01 of 1st period - Jonathan Toews wins face-off versus Sidney Crosby in neutral zone.
0:59 of 1st period - Josh Manson is hit by Peter Mueller and loses puck.
1:36 of 1st period - Zack Kassian is hit by Sidney Crosby and loses puck.
1:43 of 1st period - Slapshot by Josh Manson.
1:43 of 1st period - Stopped by Jonathan Bernier with a rebound.
2:02 of 1st period - Minor Penalty to Brandon Burlon for Hooking.
2:03 of 1st period - Sidney Crosby wins face-off versus Jonathan Toews in Senateurs zone.
3:07 of 1st period - Icing by Victor Oreskovich.
3:08 of 1st period - Sidney Crosby wins face-off versus Kevin Hayes in Bruins zone.
3:11 of 1st period - Wrist shot by Jean-Gabriel Pageau.
3:11 of 1st period - Shot Misses the Net.
3:13 of 1st period - Wrist shot by Max Pacioretty.
3:13 of 1st period - Stopped by Kevin Poulin with a rebound.
3:15 of 1st period - Slapshot by Max Pacioretty.
3:15 of 1st period - Shot Blocked by Madison Bowey.
4:02 of 1st period - Penalty to Brandon Burlon is over, Brandon Burlon is back on ice.
5:05 of 1st period - Slapshot by Kevin Hayes.
5:05 of 1st period - Shot Blocked by Brandon Burlon.
5:44 of 1st period - Kris Chucko is hit by Mike Green and loses puck.
6:04 of 1st period - Off-side.
6:05 of 1st period - Sidney Crosby wins face-off versus Kevin Hayes in neutral zone.
6:16 of 1st period - Kevin Hayes is hit by Sidney Crosby and loses puck.
6:41 of 1st period - Snap shot by Max Pacioretty.
6:41 of 1st period - Shot Misses the Net.
6:59 of 1st period - Snap shot by Andrei Kostitsyn.
6:59 of 1st period - Shot Misses the Net.
7:01 of 1st period - Wrist shot by Jason Demers.
7:01 of 1st period - Shot Misses the Net.
7:15 of 1st period - Wrist shot by Kris Chucko.
7:15 of 1st period - Shot Misses the Net.
7:17 of 1st period - Wrist shot by Andreas Athanasiou.
7:17 of 1st period - Stopped by Jonathan Bernier without a rebound.
7:18 of 1st period - Wojtek Wolski wins face-off versus Jean-Gabriel Pageau in Senateurs zone.
7:50 of 1st period - Snap shot by Zack Kassian.
7:50 of 1st period - Shot Misses the Net.
7:56 of 1st period - Wrist shot by Eric Wellwood.
7:56 of 1st period - Stopped by Kevin Poulin with a rebound.
7:58 of 1st period - Slapshot by Cody Franson.
7:58 of 1st period - Stopped by Kevin Poulin without a rebound.
7:59 of 1st period - Kevin Hayes wins face-off versus Sidney Crosby in Bruins zone.
7:59 of 1st period - Kevin Hayes is hit by Sean Bergenheim.
8:05 of 1st period - Wrist shot by Reilly Smith.
8:05 of 1st period - Stopped by Kevin Poulin without a rebound.
8:06 of 1st period - Sidney Crosby wins face-off versus Kevin Hayes in Bruins zone.
8:13 of 1st period - Slapshot by Sidney Crosby.
8:13 of 1st period - Shot Misses the Net.
8:17 of 1st period - Wrist shot by Reilly Smith.
8:17 of 1st period - Stopped by Kevin Poulin without a rebound.
8:18 of 1st period - Jonathan Toews wins face-off versus Reilly Smith in Bruins zone.
9:26 of 1st period - Andreas Athanasiou is hit by Mike Green and loses puck.
9:42 of 1st period - Icing by Ryan Getzlaf.
9:43 of 1st period - Jonathan Toews wins face-off versus Ryan Getzlaf in Senateurs zone.
10:20 of 1st period - Slapshot by Sean Bergenheim.
10:20 of 1st period - Shot Misses the Net.
10:22 of 1st period - Slapshot by Sean Bergenheim.
10:22 of 1st period - Shot Blocked by Adam Pelech.
10:24 of 1st period - Slapshot by Reilly Smith.
10:24 of 1st period - Shot Blocked by Scott Hartnell.
10:34 of 1st period - Snap shot by Casey Cizikas.
10:34 of 1st period - Shot Misses the Net.
10:44 of 1st period - Wrist shot by Casey Cizikas.
10:44 of 1st period - Shot Blocked by Cody Franson.
10:46 of 1st period - Slapshot by Brett Kulak.
10:46 of 1st period - Stopped by Jonathan Bernier with a rebound.
10:57 of 1st period - Off-side.
10:58 of 1st period - Peter Mueller wins face-off versus Jonathan Toews in neutral zone.
11:01 of 1st period - Jason Demers is hit by Eric Wellwood and loses puck.
11:24 of 1st period - Zack Kassian is hit by Mike Green and loses puck.
11:33 of 1st period - Taylor Chorney is hit by Wojtek Wolski and loses puck.
11:44 of 1st period - Off-side.
11:45 of 1st period - Kevin Hayes wins face-off versus Sidney Crosby in neutral zone.
11:48 of 1st period - Wrist shot by Victor Oreskovich.
11:48 of 1st period - Stopped by Jonathan Bernier with a rebound.
12:10 of 1st period - Torey Krug is hit by Loui Eriksson and loses puck.
12:17 of 1st period - Snap shot by Jean-Gabriel Pageau.
12:17 of 1st period - Deflect By Max Pacioretty.
12:17 of 1st period - Shot Misses the Net.
12:17 of 1st period - Puck is out of play.
12:18 of 1st period - Sidney Crosby wins face-off versus Kevin Hayes in Bruins zone.
12:23 of 1st period - Wrist shot by Reilly Smith.
12:23 of 1st period - Shot Misses the Net.
12:25 of 1st period - Slapshot by Brandon Burlon.
12:25 of 1st period - Shot Blocked by Madison Bowey.
12:27 of 1st period - Slapshot by Brandon Burlon.
12:27 of 1st period - Deflect By Sean Bergenheim.
12:27 of 1st period - Shot Misses the Net.
12:27 of 1st period - Puck is out of play.
12:28 of 1st period - Sidney Crosby wins face-off versus Kevin Hayes in Bruins zone.
13:06 of 1st period - Wrist shot by Victor Oreskovich.
13:06 of 1st period - Shot Misses the Net.
13:08 of 1st period - Slapshot by Kevin Hayes.
13:08 of 1st period - Stopped by Jonathan Bernier without a rebound.
13:09 of 1st period - Jean-Gabriel Pageau wins face-off versus Jonathan Toews in Senateurs zone.
14:03 of 1st period - Snap shot by Kris Chucko.
14:03 of 1st period - Deflect By Taylor Chorney.
14:03 of 1st period - Stopped by Jonathan Bernier with a rebound.
14:05 of 1st period - Backhand shot by Mikael Backlund.
14:05 of 1st period - Shot Blocked by Ryan Getzlaf.
14:07 of 1st period - Slapshot by Brett Kulak.
14:07 of 1st period - Shot Blocked by Mike Green.
14:09 of 1st period - Slapshot by Mikael Backlund.
14:09 of 1st period - Stopped by Jonathan Bernier without a rebound.
14:10 of 1st period - Jonathan Toews wins face-off versus Sidney Crosby in Senateurs zone.
14:27 of 1st period - Snap shot by Jonathan Toews.
14:27 of 1st period - Stopped by Jonathan Bernier with a rebound.
15:00 of 1st period - Snap shot by Mikael Backlund.
15:00 of 1st period - Shot Blocked by Rostislav Olesz.
15:02 of 1st period - Snap shot by Torey Krug.
15:02 of 1st period - Stopped by Jonathan Bernier with a rebound.
15:06 of 1st period - Wrist shot by Kris Chucko.
15:06 of 1st period - Shot Misses the Net.
15:14 of 1st period - Minor Penalty to Rostislav Olesz for Hooking.
15:15 of 1st period - Sidney Crosby wins face-off versus Jonathan Toews in Senateurs zone.
17:14 of 1st period - Penalty to Rostislav Olesz is over, Rostislav Olesz is back on ice.
17:30 of 1st period - Slapshot by Cody Franson.
17:30 of 1st period - Stopped by Kevin Poulin without a rebound.
17:31 of 1st period - Ryan Getzlaf wins face-off versus Casey Cizikas in Bruins zone.
17:35 of 1st period - Minor Penalty to Brett Kulak for Cross-checking.
17:36 of 1st period - Sidney Crosby wins face-off versus Wojtek Wolski in Bruins zone.
17:52 of 1st period - Wrist shot by Zack Kassian.
17:52 of 1st period - Stopped by Jonathan Bernier without a rebound.
17:53 of 1st period - Reilly Smith wins face-off versus Wojtek Wolski in Senateurs zone.
18:00 of 1st period - Slapshot by Cody Franson.
18:00 of 1st period - Shot Misses the Net.
18:02 of 1st period - Snap shot by Sidney Crosby.
18:02 of 1st period - Shot Misses the Net.
18:04 of 1st period - Snap shot by Reilly Smith.
18:04 of 1st period - Shot Blocked by Torey Krug.
18:06 of 1st period - Slapshot by Cody Franson.
18:06 of 1st period - Stopped by Kevin Poulin with a rebound.
19:34 of 1st period - Josh Manson is hit by Max Pacioretty and loses puck.
19:35 of 1st period - Penalty to Brett Kulak is over, Brett Kulak is back on ice.
19:47 of 1st period - Snap shot by Scott Hartnell.
19:47 of 1st period - Stopped by Jonathan Bernier with a rebound.
Goals for this period are 0 for Senateurs vs 0 for Bruins.
Shots for this period are 7 for Senateurs vs 11 for Bruins.

2nd period


0:01 of 2nd period - Jonathan Toews wins face-off versus Sidney Crosby in neutral zone.
0:04 of 2nd period - Snap shot by Wojtek Wolski.
0:04 of 2nd period - Stopped by Jonathan Bernier without a rebound.
0:05 of 2nd period - Sidney Crosby wins face-off versus Jonathan Toews in Senateurs zone.
0:05 of 2nd period - Sidney Crosby is hit by Jonathan Toews.
0:11 of 2nd period - Wrist shot by Sean Bergenheim.
0:11 of 2nd period - Shot Blocked by Wojtek Wolski.
0:39 of 2nd period - Wrist shot by Casey Cizikas.
0:39 of 2nd period - Shot Misses the Net.
0:41 of 2nd period - Slapshot by Jason Demers.
0:41 of 2nd period - Stopped by Jonathan Bernier without a rebound.
0:42 of 2nd period - Jean-Gabriel Pageau wins face-off versus Jonathan Toews in Senateurs zone.
0:49 of 2nd period - Snap shot by Taylor Chorney.
0:49 of 2nd period - Shot Blocked by Madison Bowey.
0:51 of 2nd period - Wrist shot by Jean-Gabriel Pageau.
0:51 of 2nd period - Stopped by Kevin Poulin without a rebound.
0:52 of 2nd period - Jonathan Toews wins face-off versus Jean-Gabriel Pageau in Bruins zone.
1:31 of 2nd period - Wrist shot by Loui Eriksson.
1:31 of 2nd period - Stopped by Kevin Poulin with a rebound.
1:35 of 2nd period - Wrist shot by Jean-Gabriel Pageau.
1:35 of 2nd period - Goal by Jean-Gabriel Pageau - Senateurs : 1 - Bruins : 0.
1:36 of 2nd period - Kevin Hayes wins face-off versus Sidney Crosby in neutral zone.
1:42 of 2nd period - Minor Penalty to Sidney Crosby for Cross-checking.
1:43 of 2nd period - Jonathan Toews wins face-off versus Max Pacioretty in Senateurs zone.
2:14 of 2nd period - Torey Krug is hit by Max Pacioretty and loses puck.
2:21 of 2nd period - Slapshot by Cody Franson.
2:21 of 2nd period - Deflect By Kevin Hayes.
2:21 of 2nd period - Stopped by Kevin Poulin without a rebound.
2:22 of 2nd period - Jean-Gabriel Pageau wins face-off versus Jonathan Toews in Bruins zone.
2:43 of 2nd period - Snap shot by Kevin Hayes.
2:43 of 2nd period - Deflect By Scott Hartnell.
2:43 of 2nd period - Stopped by Jonathan Bernier with a rebound.
2:45 of 2nd period - Slapshot by Jason Demers.
2:45 of 2nd period - Shot Misses the Net.
3:42 of 2nd period - Penalty to Sidney Crosby is over, Sidney Crosby is back on ice.
3:45 of 2nd period - Eric Gelinas is hit by Andrei Kostitsyn and loses puck.
3:50 of 2nd period - Slapshot by Andrei Kostitsyn.
3:50 of 2nd period - Stopped by Jonathan Bernier with a rebound.
3:52 of 2nd period - Snap shot by Josh Manson.
3:52 of 2nd period - Stopped by Jonathan Bernier with a rebound.
3:54 of 2nd period - Snap shot by Madison Bowey.
3:54 of 2nd period - Stopped by Jonathan Bernier with a rebound.
3:56 of 2nd period - Wrist shot by Andrei Kostitsyn.
3:56 of 2nd period - Stopped by Jonathan Bernier without a rebound.
3:57 of 2nd period - Scott Hartnell wins face-off versus Ryan Getzlaf in Senateurs zone.
4:06 of 2nd period - Wrist shot by Ryan Getzlaf.
4:06 of 2nd period - Shot Misses the Net.
4:08 of 2nd period - Snap shot by Ryan Getzlaf.
4:08 of 2nd period - Shot Misses the Net.
4:10 of 2nd period - Slapshot by Brandon Burlon.
4:10 of 2nd period - Shot Misses the Net.
4:26 of 2nd period - Snap shot by Rostislav Olesz.
4:26 of 2nd period - Shot Blocked by Victor Oreskovich.
4:28 of 2nd period - Snap shot by Rostislav Olesz.
4:28 of 2nd period - Stopped by Kevin Poulin with a rebound.
4:30 of 2nd period - Snap shot by Eric Gelinas.
4:30 of 2nd period - Stopped by Kevin Poulin without a rebound.
4:31 of 2nd period - Sidney Crosby wins face-off versus Jonathan Toews in Bruins zone.
4:35 of 2nd period - Minor Penalty to Torey Krug for Hooking.
4:36 of 2nd period - Wojtek Wolski wins face-off versus Sidney Crosby in Bruins zone.
6:35 of 2nd period - Penalty to Torey Krug is over, Torey Krug is back on ice.
6:53 of 2nd period - Rostislav Olesz is hit by Kevin Hayes and loses puck.
7:10 of 2nd period - Taylor Chorney is hit by Andreas Athanasiou and loses puck.
7:17 of 2nd period - Slapshot by Kris Chucko.
7:17 of 2nd period - Deflect By Taylor Chorney.
7:17 of 2nd period - Shot Misses the Net.
7:17 of 2nd period - Puck is out of play.
7:18 of 2nd period - Jonathan Toews wins face-off versus Ryan Getzlaf in Senateurs zone.
7:31 of 2nd period - Wrist shot by Ryan Getzlaf.
7:31 of 2nd period - Shot Misses the Net.
9:18 of 2nd period - Loui Eriksson is hit by Kevin Hayes and loses puck.
9:31 of 2nd period - Brandon Burlon is hit by Andrei Kostitsyn and loses puck.
9:50 of 2nd period - Wrist shot by Reilly Smith.
9:50 of 2nd period - Stopped by Kevin Poulin without a rebound.
9:51 of 2nd period - Jonathan Toews wins face-off versus Sidney Crosby in Bruins zone.
9:58 of 2nd period - Snap shot by Torey Krug.
9:58 of 2nd period - Deflect By Jonathan Toews.
9:58 of 2nd period - Shot Blocked by Mike Green.
9:58 of 2nd period - Puck is out of play.
9:59 of 2nd period - Jonathan Toews wins face-off versus Sidney Crosby in Senateurs zone.
10:28 of 2nd period - Slapshot by Mike Green.
10:28 of 2nd period - Stopped by Kevin Poulin with a rebound.
11:02 of 2nd period - Snap shot by Andrei Kostitsyn.
11:02 of 2nd period - Stopped by Jonathan Bernier with a rebound.
11:24 of 2nd period - Snap shot by Jonathan Toews.
11:24 of 2nd period - Shot Misses the Net.
12:20 of 2nd period - Off-side.
12:21 of 2nd period - Zack Kassian wins face-off versus Jean-Gabriel Pageau in neutral zone.
12:36 of 2nd period - Snap shot by Jean-Gabriel Pageau.
12:36 of 2nd period - Shot Blocked by Josh Manson.
12:38 of 2nd period - Slapshot by Taylor Chorney.
12:38 of 2nd period - Shot Blocked by Madison Bowey.
12:48 of 2nd period - Snap shot by Rostislav Olesz.
12:48 of 2nd period - Shot Misses the Net.
13:13 of 2nd period - Snap shot by Scott Hartnell.
13:13 of 2nd period - Shot Misses the Net.
13:15 of 2nd period - Slapshot by Josh Manson.
13:15 of 2nd period - Shot Misses the Net.
14:37 of 2nd period - Wrist shot by Mikael Backlund.
14:37 of 2nd period - Stopped by Jonathan Bernier with a rebound.
14:43 of 2nd period - Mikael Backlund is hit by Sidney Crosby.
15:00 of 2nd period - Reilly Smith is hit by Torey Krug and loses puck.
15:11 of 2nd period - Slapshot by Eric Gelinas.
15:11 of 2nd period - Stopped by Kevin Poulin with a rebound.
15:39 of 2nd period - Slapshot by Victor Oreskovich.
15:39 of 2nd period - Shot Misses the Net.
15:41 of 2nd period - Wrist shot by Victor Oreskovich.
15:41 of 2nd period - Stopped by Jonathan Bernier without a rebound.
15:42 of 2nd period - Jonathan Toews wins face-off versus Jean-Gabriel Pageau in Senateurs zone.
15:58 of 2nd period - Wrist shot by Jean-Gabriel Pageau.
15:58 of 2nd period - Stopped by Kevin Poulin with a rebound.
16:21 of 2nd period - Minor Penalty to Brandon Burlon for Cross-checking.
16:22 of 2nd period - Sidney Crosby wins face-off versus Jonathan Toews in Senateurs zone.
18:21 of 2nd period - Penalty to Brandon Burlon is over, Brandon Burlon is back on ice.
18:33 of 2nd period - Wes O'Neill is hit by Torey Krug and loses puck.
19:40 of 2nd period - Kris Chucko is hit by Eric Gelinas and loses puck.
Goals for this period are 1 for Senateurs vs 0 for Bruins.
Shots for this period are 10 for Senateurs vs 10 for Bruins.

3rd period


0:01 of 3rd period - Jonathan Toews wins face-off versus Sidney Crosby in neutral zone.
0:26 of 3rd period - Max Pacioretty is hit by Kevin Hayes.
0:34 of 3rd period - Snap shot by Scott Hartnell.
0:34 of 3rd period - Goal by Scott Hartnell - Senateurs : 1 - Bruins : 1.
0:35 of 3rd period - Sidney Crosby wins face-off versus Jonathan Toews in neutral zone.
0:52 of 3rd period - Slapshot by Jonathan Toews.
0:52 of 3rd period - Stopped by Jonathan Bernier without a rebound.
0:53 of 3rd period - Jean-Gabriel Pageau wins face-off versus Kevin Hayes in Senateurs zone.
1:00 of 3rd period - Slapshot by Loui Eriksson.
1:00 of 3rd period - Shot Misses the Net.
1:02 of 3rd period - Slapshot by Cody Franson.
1:02 of 3rd period - Shot Blocked by Scott Hartnell.
1:04 of 3rd period - Snap shot by Loui Eriksson.
1:04 of 3rd period - Shot Misses the Net.
1:16 of 3rd period - Minor Penalty to Victor Oreskovich for Hooking.
1:17 of 3rd period - Wojtek Wolski wins face-off versus Sidney Crosby in Bruins zone.
1:45 of 3rd period - Icing by Cody Franson.
1:46 of 3rd period - Jean-Gabriel Pageau wins face-off versus Wojtek Wolski in Senateurs zone.
2:07 of 3rd period - Snap shot by Jean-Gabriel Pageau.
2:07 of 3rd period - Shot Blocked by Josh Manson.
2:09 of 3rd period - Snap shot by Jean-Gabriel Pageau.
2:09 of 3rd period - Stopped by Kevin Poulin without a rebound.
2:10 of 3rd period - Wojtek Wolski wins face-off versus Sidney Crosby in Bruins zone.
2:10 of 3rd period - Wojtek Wolski is hit by Taylor Chorney.
3:16 of 3rd period - Penalty to Victor Oreskovich is over, Victor Oreskovich is back on ice.
3:26 of 3rd period - Minor Penalty to Cody Franson for Tripping.
3:27 of 3rd period - Sidney Crosby wins face-off versus Kevin Hayes in Senateurs zone.
4:02 of 3rd period - Slapshot by Wojtek Wolski.
4:02 of 3rd period - Shot Misses the Net.
4:04 of 3rd period - Snap shot by Wojtek Wolski.
4:04 of 3rd period - Shot Misses the Net.
5:26 of 3rd period - Penalty to Cody Franson is over, Cody Franson is back on ice.
5:37 of 3rd period - Max Friberg is hit by Matt Read and loses puck.
5:48 of 3rd period - Andreas Athanasiou is hit by Rostislav Olesz and loses puck.
6:12 of 3rd period - Max Pacioretty is hit by Adam Pelech and loses puck.
7:19 of 3rd period - Kris Chucko is hit by Max Friberg and loses puck.
7:24 of 3rd period - Slapshot by Max Friberg.
7:24 of 3rd period - Shot Misses the Net.
7:26 of 3rd period - Snap shot by Michael Raffl.
7:26 of 3rd period - Shot Blocked by Torey Krug.
7:28 of 3rd period - Snap shot by Max Friberg.
7:28 of 3rd period - Deflect By Michael Raffl.
7:28 of 3rd period - Stopped by Kevin Poulin with a rebound.
7:38 of 3rd period - Torey Krug is hit by Max Pacioretty and loses puck.
7:47 of 3rd period - Max Pacioretty is hit by Jason Demers and loses puck.
8:48 of 3rd period - Casey Cizikas is hit by Brandon Burlon and loses puck.
8:53 of 3rd period - Snap shot by Ryan Getzlaf.
8:53 of 3rd period - Shot Misses the Net.
8:55 of 3rd period - Snap shot by Mike Green.
8:55 of 3rd period - Shot Misses the Net.
8:59 of 3rd period - Wrist shot by Ryan Getzlaf.
8:59 of 3rd period - Shot Misses the Net.
9:09 of 3rd period - Sidney Crosby is hit by Kevin Hayes and loses puck.
9:18 of 3rd period - Sean Bergenheim is hit by Victor Oreskovich.
9:50 of 3rd period - Icing by Cody Franson.
9:51 of 3rd period - Casey Cizikas wins face-off versus Peter Mueller in Senateurs zone.
9:52 of 3rd period - Wrist shot by Matt Read.
9:52 of 3rd period - Stopped by Jonathan Bernier with a rebound.
10:00 of 3rd period - Slapshot by Matt Read.
10:00 of 3rd period - Goal by Matt Read - Senateurs : 1 - Bruins : 2.
10:01 of 3rd period - Sidney Crosby wins face-off versus Jonathan Toews in neutral zone.
10:11 of 3rd period - Minor Penalty to Zack Kassian for Holding Stick.
10:12 of 3rd period - Sidney Crosby wins face-off versus Wojtek Wolski in Bruins zone.
10:16 of 3rd period - Snap shot by Reilly Smith.
10:16 of 3rd period - Stopped by Kevin Poulin without a rebound.
10:17 of 3rd period - Sidney Crosby wins face-off versus Wojtek Wolski in Bruins zone.
10:18 of 3rd period - Snap shot by Sean Bergenheim.
10:18 of 3rd period - Stopped by Kevin Poulin with a rebound.
10:20 of 3rd period - Wrist shot by Cody Franson.
10:20 of 3rd period - Stopped by Kevin Poulin without a rebound.
10:21 of 3rd period - Wojtek Wolski wins face-off versus Sidney Crosby in Bruins zone.
10:38 of 3rd period - Snap shot by Sean Bergenheim.
10:38 of 3rd period - Stopped by Kevin Poulin without a rebound.
10:39 of 3rd period - Jean-Gabriel Pageau wins face-off versus Wojtek Wolski in Bruins zone.
10:42 of 3rd period - Snap shot by Loui Eriksson.
10:42 of 3rd period - Stopped by Kevin Poulin with a rebound.
10:56 of 3rd period - Snap shot by Jean-Gabriel Pageau.
10:56 of 3rd period - Deflect By Max Pacioretty.
10:56 of 3rd period - Stopped by Kevin Poulin with a rebound.
12:11 of 3rd period - Penalty to Zack Kassian is over, Zack Kassian is back on ice.
12:27 of 3rd period - Icing by Kris Chucko.
12:28 of 3rd period - Peter Mueller wins face-off versus Kevin Hayes in Bruins zone.
12:37 of 3rd period - Snap shot by Peter Mueller.
12:37 of 3rd period - Stopped by Kevin Poulin without a rebound.
12:38 of 3rd period - Jonathan Toews wins face-off versus Sidney Crosby in Bruins zone.
12:47 of 3rd period - Snap shot by Wojtek Wolski.
12:47 of 3rd period - Deflect By Zack Kassian.
12:47 of 3rd period - Shot Blocked by Brandon Burlon.
12:47 of 3rd period - Puck is out of play.
12:48 of 3rd period - Sidney Crosby wins face-off versus Jonathan Toews in Senateurs zone.
13:02 of 3rd period - Minor Penalty to Jonathan Toews for Hooking.
13:03 of 3rd period - Reilly Smith wins face-off versus Wojtek Wolski in Bruins zone.
14:03 of 3rd period - Backhand shot by Sidney Crosby.
14:03 of 3rd period - Goal by Sidney Crosby - Senateurs : 2 - Bruins : 2.
14:04 of 3rd period - Jonathan Toews wins face-off versus Jean-Gabriel Pageau in neutral zone.
14:07 of 3rd period - Wrist shot by Torey Krug.
14:07 of 3rd period - Stopped by Jonathan Bernier without a rebound.
14:07 of 3rd period - Minor Penalty to Jonathan Bernier for Delaying the game.
14:08 of 3rd period - Jonathan Toews wins face-off versus Sidney Crosby in Senateurs zone.
14:11 of 3rd period - Wrist shot by Jonathan Toews.
14:11 of 3rd period - Deflect By Wojtek Wolski.
14:11 of 3rd period - Shot Blocked by Taylor Chorney.
14:11 of 3rd period - Puck is out of play.
14:12 of 3rd period - Sidney Crosby wins face-off versus Jonathan Toews in Senateurs zone.
14:14 of 3rd period - Minor Penalty to Taylor Chorney for Tripping.
14:15 of 3rd period - Sidney Crosby wins face-off versus Jonathan Toews in Senateurs zone.
14:46 of 3rd period - Off-side.
14:47 of 3rd period - Kevin Hayes wins face-off versus Sidney Crosby in neutral zone.
14:52 of 3rd period - Wrist shot by Scott Hartnell.
14:52 of 3rd period - Stopped by Jonathan Bernier without a rebound.
14:53 of 3rd period - Sidney Crosby wins face-off versus Kevin Hayes in Senateurs zone.
15:32 of 3rd period - Snap shot by Scott Hartnell.
15:32 of 3rd period - Shot Misses the Net.
15:34 of 3rd period - Snap shot by Kevin Hayes.
15:34 of 3rd period - Stopped by Jonathan Bernier with a rebound.
15:36 of 3rd period - Slapshot by Madison Bowey.
15:36 of 3rd period - Shot Blocked by Eric Gelinas.
15:38 of 3rd period - Backhand shot by Josh Manson.
15:38 of 3rd period - Stopped by Jonathan Bernier with a rebound.
15:40 of 3rd period - Slapshot by Victor Oreskovich.
15:40 of 3rd period - Shot Misses the Net.
15:48 of 3rd period - Snap shot by Kevin Hayes.
15:48 of 3rd period - Shot Blocked by Wes O'Neill.
15:50 of 3rd period - Slapshot by Madison Bowey.
15:50 of 3rd period - Stopped by Jonathan Bernier without a rebound.
15:51 of 3rd period - Jean-Gabriel Pageau wins face-off versus Jonathan Toews in Senateurs zone.
16:07 of 3rd period - Penalty to Mike Green is over, Mike Green is back on ice.
16:14 of 3rd period - Penalty to Taylor Chorney is over, Taylor Chorney is back on ice.
16:22 of 3rd period - Snap shot by Taylor Chorney.
16:22 of 3rd period - Shot Misses the Net.
16:24 of 3rd period - Wrist shot by Max Pacioretty.
16:24 of 3rd period - Shot Blocked by Casey Cizikas.
16:26 of 3rd period - Slapshot by Cody Franson.
16:26 of 3rd period - Stopped by Kevin Poulin without a rebound.
16:27 of 3rd period - Peter Mueller wins face-off versus Matt Read in Bruins zone.
18:33 of 3rd period - Snap shot by Reilly Smith.
18:33 of 3rd period - Shot Blocked by Victor Oreskovich.
18:35 of 3rd period - Snap shot by Reilly Smith.
18:35 of 3rd period - Goal by Reilly Smith - Senateurs : 3 - Bruins : 2.
18:36 of 3rd period - Casey Cizikas wins face-off versus Peter Mueller in neutral zone.
18:45 of 3rd period - Bruins, Kevin Poulin is pulled from the net.
19:03 of 3rd period - Zack Kassian is hit by Eric Gelinas and loses puck.
19:08 of 3rd period - Wrist shot by Sidney Crosby.
19:08 of 3rd period - Shot Misses the Net.
Goals for this period are 2 for Senateurs vs 2 for Bruins.
Shots for this period are 12 for Senateurs vs 9 for Bruins.